 Dungeon Crawl Stone Soup version 0.31.0-1-g2c135a008e (webtiles) character file.

Game seed: 12241473273501500853

82 qw the Shooter (level 4, -3/35 HPs)
             Began as a Djinni Hunter on Jan 24, 2024.
             Slain by a gnoll
             ... wielding a +0 halberd
              (5 damage)
             ... on level 2 of the Dungeon.
             The game lasted 00:00:06 (1633 turns).

qw the Shooter (Djinni Hunter)                      Turns: 1633, Time: 00:00:07

Health: -3/35      AC:  5    Str: 10    XL:     4   Next: 70%
Gold:   86         EV: 11    Int: 10    God:
                   SH:  0    Dex: 19

rFire   + + .        a - +1 shortbow
rCold   x . .        (shield currently unavailable)
rNeg    . . .        k - +0 ring mail
rPois   inf          (no helmet)
rElec   .            (no cloak)
rCorr   .            (no gloves)
SInv    .            (boots unavailable)
Will    .....        (no amulet)
Stlth   +            (no ring)
HPRegen 0.25/turn    (no ring)
MPRegen 0.00/turn

%: infuse magic (-4 HP)
@: about to teleport, flying
A: sickness immunity, fire resistance 2, cold vulnerability 1, float, innate
caster, HP casting, extra vitality 1
a: no special abilities


You were on level 2 of the Dungeon.
You visited 1 branch of the dungeon, and saw 2 of its levels.

You collected 86 gold pieces.


Innate Abilities, Weirdness & Mutations

You are immune to sickness and miasma.
You are immune to poison.
Your flesh is very heat resistant. (rF++)
You are vulnerable to cold. (rC-)
You float through the air rather than walking.
You learn spells naturally, not from books.
Your magical power is your life essence.
You have superior vitality. (+4 MHP)


   Skills:
 - Level 3.0 Fighting
 + Level 4.1 Ranged Weapons
 - Level 1.1 Armour
 - Level 2.1 Dodging
 - Level 0.7 Stealth


You knew the following spells:

 Your Spells              Type           Power      Damage    Failure   Level
a - Freeze                Ice            0%         1d3       67%         1
Your spell library was empty.

Inventory:

Hand Weapons
 a - a +1 shortbow (weapon)
Armour
 k - a +0 ring mail (worn)
Scrolls
 c - a scroll of enchant armour {unknown}
 i - a scroll of teleportation
Potions
 b - a potion of attraction {unknown}
 d - a potion of heal wounds {unknown}
 h - a potion of cancellation {unknown}

Dungeon Overview and Level Annotations

Branches:
Dungeon (2/15)

Altars:


Message History

Enter note:
Enter note:
Enter note:
Enter note:
Enter note:
Enter note:
1624 ||| RETREEEEATING.
You shoot an arrow. The arrow hits the gnoll.
The gnoll is lightly wounded.
You shoot an arrow. The arrow barely misses the gnoll.
The gnoll hits you but does no damage.
You shoot an arrow. The arrow hits the gnoll.
The gnoll is heavily wounded.
The gnoll hits you with a +0 club. The gnoll barely misses you.
The gnoll closely misses you.
You shoot an arrow.
The arrow hits the gnoll but does no damage.
The gnoll is heavily wounded.
The gnoll closely misses you. The gnoll hits you but does no damage.
Enter note:
Enter note:
Enter note:
1629 ||| RETREEEEATING.
You shoot an arrow. The arrow hits the gnoll.
The gnoll is almost dead.
The gnoll closely misses you. The gnoll hits you with a +0 club.
The gnoll hits you from afar with a +0 halberd.
You shoot an arrow. The arrow hits the gnoll!
You kill the gnoll!
The gnoll hits you with a +0 whip.
The gnoll hits you from afar with a +0 halberd!
You shoot an arrow. The arrow barely misses the gnoll.
The gnoll hits you with a +0 whip.
The gnoll hits you from afar with a +0 halberd!
1633 ||| READING 2 scrolls of teleportation.
As you read the scroll of teleportation, it crumbles to dust.
You feel strangely unstable. The gnoll closely misses you.
The gnoll hits you from afar with a +0 halberd.
You die...

### # ..#
#.####.#
#.g@.#.#
#.##)#.##### #
#.g..)...#
gg.gg..#.###.#
##.......# #.#
#.?....### #.#
##...#.# #.#
##....# #.#
#.#### #.#


You could see 2 gnolls.

Vanquished Creatures
  A gnoll (D:2)
  2 adders (D:2)
  A dart slug (D:2)
  A ribbon worm (D:2)
  4 endoplasms
  4 goblins (D:1)
  4 hobgoblins (D:1)
  3 jackals (D:1)
  2 quokkas
  7 ball pythons
  5 bats
  9 frilled lizards
  6 kobolds
  5 rats
54 creatures vanquished.

Notes
Turn   | Place    | Note
-------+----------+-------------------------------------------
     0 | D:1      | qw the Djinni Hunter began the quest for the Orb.
     0 | D:1      | Reached XP level 1. HP: 18/18 MP: 0/0
     0 | D:1      | 0 ||| qw: Version: 0.3-a-136-gdd3b4e8
     0 | D:1      | 0 ||| qw: Game counter: 1334
     0 | D:1      | 0 ||| qw: Melee chars always use a shield: true
     0 | D:1      | 0 ||| qw: God list: Okawaru
     0 | D:1      | 0 ||| qw: Allow faded altars: false
     0 | D:1      | 0 ||| qw: Do Orc after clearing Dungeon:15 true
     0 | D:1      | 0 ||| qw: Do second Lair branch before Depths: true
     0 | D:1      | 0 ||| qw: Lair rune preference: random
     0 | D:1      | 0 ||| qw: Goals: Normal
     0 | D:1      | 0 ||| PLANNING D:1-11
    66 | D:1      | Reached XP level 2. HP: 20/23 MP: 0/0
   284 | D:1      | Reached XP level 3. HP: 28/28 MP: 0/0
   284 | D:1      | Learned a level 1 spell: Freeze
   289 | D:1      | Reached skill level 4 in Ranged Weapons
   875 | D:1      | 875 ||| UPGRADING to +0 ring mail.
   885 | D:1      | 885 ||| DROPPING +0 leather armour.
   886 | D:1      | 886 ||| READING scroll labelled MINLYT YFOKIGG.
   987 | D:1      | 987 ||| READING scroll labelled GEARRO SAEN.
   987 | D:1      | 987 ||| IDENTIFYING smoky ruby potion
   988 | D:1      | 988 ||| READING scroll labelled RASKAU FEYM.
   989 | D:1      | 989 ||| READING 2 scrolls labelled TAIPSI PANWA.
   992 | D:1      | 992 ||| READING scroll labelled KEUCSE INAGG.
   992 | D:1      | 992 ||| ENCHANTING +0 shortbow.
   993 | D:1      | 993 ||| DROPPING scroll of butterflies.
   994 | D:1      | 994 ||| DROPPING potion of brilliance.
  1067 | D:2      | Reached skill level 1 in Armour
  1226 | D:2      | Reached XP level 4. HP: 34/34 MP: 0/0
  1516 | D:2      | Reached skill level 3 in Fighting
  1624 | D:2      | 1624 ||| RETREEEEATING.
  1629 | D:2      | 1629 ||| RETREEEEATING.
  1632 | D:2      | HP: 2/35 [gnoll/+0 halberd (10)]
  1633 | D:2      | 1633 ||| READING 2 scrolls of teleportation.
  1633 | D:2      | Slain by a gnoll

Levels and vault maps discovered:
D:1:      scummos_arrival_hexagon, layout_loops_ring, serial_bayou,
          serial_bayou_shore_b, serial_bayou_ford_a, serial_bayou_pond_a,
          serial_bayou_pond_d, serial_bayou_lagoon_b, serial_bayou_pond_a
D:2:      layout_loops_corners, minmay_statues_item, minmay_lizard_king

Skill      XL: |  1  2  3  4 |
---------------+-------------+-----
Ranged Weapons | 4 |  4.1
Armour         | 1 |  1.1
Fighting       | 3 |  3.0
Dodging        | |  2.1
Stealth        | |  0.7

Action                     |  1- 3 |  4- 6 || total
---------------------------+-------+-------++-------
   Fire: Shortbow          |    97 |    51 ||   148
    Use: Scroll            |     5 |     1 ||     6
 Armour: Leather armour    |    15 |       ||    15
         Ring mail         |     3 |    26 ||    29
  Dodge: Dodged            |    24 |    21 ||    45

Table legend:
 A = Non-vault XP
 B = Vault XP
 C = Vault XP percentage of total XP
 D = Non-vault monster count
 E = Vault monster count
 F = Vault count percentage of total count
                 A         B        C        D         E       F
            +---------+---------+-------+---------+---------+-------
      Total |     112 |       6 |   5.1 |      48 |       6 |  11.1
            +---------+---------+-------+---------+---------+-------
        D:1 |      43 |       0 |   0.0 |      30 |       0 |   0.0
        D:2 |      69 |       6 |   8.0 |      18 |       6 |  25.0
            +---------+---------+-------+---------+---------+-------
